 Dungeon Crawl Stone Soup version 0.30-a0-465-g8901f6c8b5 (webtiles) character file.

Game seed: 12941333077858767550

2449214 Fonys the Ninja (level 24, 109/109 (135) HPs)
             Began as a Spriggan Enchanter on Dec 17, 2022.
             Was a High Priest of Dithmenos.
             Escaped with the Orb
             ... and 4 runes on Dec 18, 2022!
             The game lasted 03:15:04 (61109 turns).

Fonys the Ninja (Spriggan Enchanter)               Turns: 61109, Time: 03:15:05

HP:   109/109 (135) AC:  9    Str:  3    XL:     24   Next: 45%
MP:   52/52         EV: 54    Int: 17    God:    Dithmenos [*****.]
Gold: 5778          SH:  0    Dex: 32    Spells: 30/71 levels left

rFire   + + +      SeeInvis +    Z - +9 quick blade (elec)
rCold   + + .      Faith    .    m - orb {guile}
rNeg    . . .      Spirit   .    A - +2 robe {rC+ rF+}
rPois   +          Reflect  .    R - +2 hat {Stlth+}
rElec   +          Harm     .    Q - +2 cloak {rF+}
rCorr   +          Rampage  .    (gloves unavailable)
Will    ++...                    (boots unavailable)
Stlth   +++++++...               u - amulet of Sif Muna's Fury {Acrobat rElec rF+ rC+ Regen+}
HPRegen 1.18/turn                V - ring "Moextost" {Wiz rElec rF+ rCorr Dex+3}
MPRegen 0.33/turn                O - +4 ring of slaying

@: mighty, brilliant, flying, hasted, wreathed by umbra, studying Long Blades,
heavily drained, very quick
A: very small, no large weapons, unfitting armour, see invisible, speed 3, agile
1, poison resistance
0: Orb of Zot
}: 4/15 runes: decaying, slimy, silver, gossamer
a: Renounce Religion, Shadow Step, Shadow Form


You escaped.
You worshipped Dithmenos.
Dithmenos was extremely pleased with you.
You visited 11 branches of the dungeon, and saw 53 of its levels.
You also visited: Ice Cave and Volcano.

You collected 9242 gold pieces.
You spent 3464 gold pieces at shops.

Inventory:

Hand Weapons
 a - a +9 dagger of venom
 c - the +7 Spriggan's Knife {stab, EV+4 Stlth+}
   (You acquired it on level 5 of the Pits of Slime)

   It is more effective when stabbing unaware enemies, sometimes treating them
   as though they were completely helpless.
   EV:        It affects your evasion (+4).
   Stlth:     It makes you more stealthy.
 Z - a +9 quick blade of electrocution (weapon)
Missiles
 D - 14 curare-tipped darts (quivered)
 H - 8 atropa-tipped darts
Armour
 m - an orb of guile (worn)
 A - a +2 robe of resistance (worn)
 Q - a +2 cloak of fire resistance (worn)
 R - a +2 hat of stealth (worn)
Jewellery
 h - the amulet "Ydwigam" {Spirit Fly rF++ Stlth+}
   (You found it on level 2 of the Depths)

   [amulet of guardian spirit]

   It causes incoming damage to be divided between your reserves of health and
   magic.
   rF:        It greatly protects you from fire.
   Fly:       It grants you flight.
   Stlth:     It makes you more stealthy.
 p - a ring of flight
 t - the amulet "Afeal" {Acrobat rCorr}
   (You found it on level 2 of the Depths)

   [amulet of the acrobat]

   It increases your evasion while moving and waiting.
   rCorr:     It protects you from acid and corrosion.
 u - the amulet of Sif Muna's Fury (around neck) {Acrobat rElec rF+ rC+ Regen+}
   (You bought it in a shop on level 3 of the Depths)

   [amulet of the acrobat]

   It increases your evasion while moving and waiting.
   rF:        It protects you from fire.
   rC:        It protects you from cold.
   rElec:     It insulates you from electricity.
   Regen:     It increases your rate of health regeneration.
 O - a +4 ring of slaying (right hand)
 S - a ring of resist corrosion
 V - the ring "Moextost" (left hand) {Wiz rElec rF+ rCorr Dex+3}
   (You found it on level 2 of the Vaults)

   [ring of wizardry]

   It improves your spell success rate.
   Dex:       It affects your dexterity (+3).
   rF:        It protects you from fire.
   rElec:     It insulates you from electricity.
   rCorr:     It protects you from acid and corrosion.
 Y - the ring "Zaafis" {rC+ Will+ Str+4 Int+4 SInv}
   (You took it off a deep elf zephyrmancer on level 3 of the Elven Halls)

   [ring of see invisible]

   Str:       It affects your strength (+4).
   Int:       It affects your intelligence (+4).
   rC:        It protects you from cold.
   SInv:      It lets you see invisible.
   Will:      It increases your willpower.
Wands
 o - a wand of mindburst (33)
 r - a wand of flame (42)
 y - a wand of roots (15)
 z - a wand of paralysis (32)
 F - a wand of polymorph (24)
 I - a wand of digging (6)
 M - a wand of light (7)
Scrolls
 b - a scroll of teleportation
 j - a scroll of immolation
 x - 11 scrolls of amnesia
 B - a scroll of magic mapping
 C - 6 scrolls of vulnerability
 G - 4 scrolls of brand weapon
 J - 7 scrolls of fog
 L - 3 scrolls of butterflies
 T - 2 scrolls of blinking
 U - 4 scrolls of fear
 X - 2 scrolls of enchant armour
Potions
 e - 6 potions of brilliance
 f - 5 potions of heal wounds
 i - 22 potions of curing
 k - a potion of flight
 l - 2 potions of resistance
 n - 5 potions of might
 q - 11 potions of lignification
 s - 6 potions of magic
 w - a potion of berserk rage
 E - 7 potions of ambrosia
 K - 8 potions of cancellation
 P - 17 potions of mutation
Miscellaneous
 d - a phantom mirror
 v - a phial of floods
 W - a condenser vane


   Skills:
 + Level 16.4 Fighting
 - Level 12.0 Short Blades
 + Level 24.4 Dodging
 O Level 27 Stealth
 + Level 24.4 Spellcasting
 + Level 24.5 Hexes
 - Level 9.5 Invocations


You had 30 spell levels left.
You knew the following spells:

 Your Spells              Type           Power      Damage    Failure   Level
a - Ensorcelled Hibernat  Hex/Ice        100%       N/A       0%          2
b - Tukima's Dance        Hex            100%       N/A       0%          3
c - Dazzling Flash        Conj/Hex       100%       N/A       1%          3
d - Confusing Touch       Hex            100%       N/A       0%          3
e - Stone Arrow           Conj/Erth      62%        3d10      2%          3
f - Anguish               Hex/Necr       38%        N/A       1%          4
g - Enfeeble              Hex            51%        N/A       1%          7
h - Teleport Other        Tloc           31%        N/A       2%          3
i - Dispel Undead         Necr           31%        3d14      8%          4
j - Apportation           Tloc           62%        N/A       1%          1
k - Discord               Hex            51%        N/A       1%          8

Your spell library contained the following spells:

 Spells                   Type           Power      Damage    Failure   Level
 Slow                     Hex            100%       N/A       0%          1
 Cause Fear               Hex            51%        N/A       0%          4
 Foxfire                  Conj/Fire      100%       2x1d9     1%          1
 Kiss of Death            Conj/Necr      100%       2d13      1%          1
 Magic Dart               Conj           100%       1d8       1%          1
 Necrotise                Necr           100%       1d9       1%          1
 Sandblast                Erth           62%        2d14      1%          1
 Shock                    Conj/Air       100%       1d9       1%          1
 Sting                    Tmut/Pois      100%       1d8       1%          1
 Summon Small Mammal      Summ           100%       N/A       1%          1
 Cigotuvi's Dreadful Rot  Necr/Pois/Air  62%        N/A       1%          2
 Passwall                 Tmut/Erth      25%        N/A       1%          2
 Poisonous Vapours        Pois/Air       62%        N/A       1%          2
 Scorch                   Fire           62%        2d8       1%          2
 Searing Ray              Conj           62%        2d6       1%          2
 Static Discharge         Conj/Air       62%        2-5/arc   1%          2
 Sublimation of Blood     Necr           31%        N/A       1%          2
 Inner Flame              Hex/Fire       76%        N/A       1%          3
 Fulminant Prism          Conj/Hex       38%        3d18      1%          4
 Leda's Liquefaction      Hex/Erth       38%        N/A       1%          4
 Silence                  Hex/Air        38%        N/A       1%          5
 Yara's Violent Unravell  Hex/Tmut       38%        3d15      1%          5
 Frozen Ramparts          Ice            62%        1d10      2%          3
 Gell's Gravitas          Tloc           31%        N/A       2%          3
 Hailstorm                Conj/Ice       31%        3d8       2%          3
 Ignite Poison            Fire/Tmut/Pois 31%        N/A       2%          3
 Lesser Beckoning         Tloc           62%        N/A       2%          3
 Mephitic Cloud           Conj/Pois/Air  31%        N/A       2%          3
 Ozocubu's Armour         Ice            31%        N/A       2%          3
 Swiftness                Air            31%        N/A       2%          3
 Vampiric Draining        Necr           31%        2d8       2%          3
 Vhi's Electric Charge    Tloc/Air       62%        N/A       2%          3
 Animate Dead             Necr           31%        N/A       8%          4
 Flame Wave               Conj/Fire      31%        2d9       8%          4
 Ice Form                 Ice/Tmut       31%        N/A       8%          4
 Iskenderun's Mystic Bla  Conj/Tloc      31%        2d8       8%          4
 Manifold Assault         Tloc           31%        N/A       8%          4
 Olgreb's Toxic Radiance  Pois           31%        N/A       8%          4
 Passage of Golubria      Tloc           31%        N/A       8%          4
 Sticky Flame             Conj/Fire      31%        2d5       8%          4
 Summon Ice Beast         Ice/Summ       31%        N/A       8%          4
 Summon Lightning Spire   Summ/Air       31%        N/A       8%          4
 Agony                    Necr           31%        N/A       21%         5
 Arcjolt                  Conj/Air       15%        1d25      21%         5
 Fireball                 Conj/Fire      15%        3d8       21%         5
 Freezing Cloud           Conj/Ice/Air   15%        6-21      21%         5
 Iskenderun's Battlesphe  Conj           31%        2d8       21%         5
 Lightning Bolt           Conj/Air       15%        1d29      21%         5
 Conjure Ball Lightning   Conj/Air       15%        3x3d6     71%         6
 Death Channel            Necr           15%        N/A       71%         6
 Dispersal                Tloc           15%        N/A       71%         6
 Eringya's Noxious Bog    Tmut/Pois      15%        N/A       71%         6
 Simulacrum               Ice/Necr       15%        N/A       71%         6
 Starburst                Conj/Fire      15%        6d6       71%         6
 Summon Cactus Giant      Summ           15%        N/A       71%         6
 Haunt                    Necr/Summ      15%        N/A       99%         7
 Orb of Destruction       Conj           15%        9d7       99%         7
 Ozocubu's Refrigeration  Ice            15%        4d10      99%         7
 Spellforged Servitor     Conj/Summ      15%        N/A       99%         7
 Disjunction              Tloc           15%        N/A       100%        8
 Ignition                 Fire           15%        3d6       100%        8
 Infestation              Necr           15%        N/A       100%        8
 Chain Lightning          Conj/Air       15%        3d20      100%        9
 Death's Door             Necr           15%        N/A       100%        9
 Fire Storm               Conj/Fire      15%        8d4       100%        9


Dungeon Overview and Level Annotations

Branches:
Dungeon (15/15)            Temple (1/1) D:7            Lair (5/5) D:11
  Swamp (4/4) Lair:3       Spider (4/4) Lair:3        Slime (5/5) Lair:5
    Orc (2/2) D:12            Elf (3/3) Orc:2        Vaults (5/5) D:13
  Crypt (0/3) Vaults:2     Depths (4/4) D:15            Zot (5/5) Depths:4
  IceCv (visited)         Volcano (visited)

Altars:
Ashenzari
Cheibriados
Dithmenos
Elyvilon
Gozag
Hepliaklqana
Kikubaaqudgha
Okawaru
Qazlal
Ru
Sif Muna
Trog
Uskayaw
Vehumet
Wu Jian
Xom
Yredelemnul
Zin
Jiyva

Shops:
D:1 !   D:4 :   D:13 !   Orc:2 *[=   Elf:1 [   Vaults:1 ((*[*   Vaults:4 (
Zot:5 *   Depths:3 :=(   Depths:4 :?=:

Portals:
Hell: Depths:1 Depths:2 Depths:3 Depths:4
Abyss: Depths:3
Pandemonium: Orc:2 Depths:2 Depths:3
Ziggurat: Depths:2

Annotations:
D:4 3 runed translucent doors, Grillzange's ghost, amateur DjIE
Elf:2 3 runed translucent doors
Depths:3 1 transporter
Zot:4 Josephina
Zot:5 exclusion: obsidian statue


Innate Abilities, Weirdness & Mutations

You are very small and have problems with some larger weapons.
You are too small for most types of armour.
You have supernaturally acute eyesight. (SInv)
You cover ground extremely quickly. (Speed+++)
You are agile. (Dex +4, Str/Int -1)
Your system is resistant to poisons. (rPois)


Message History

Unknown command.
(D) Dungeon (T) Temple (L) Lair (S) Swamp (N) Spider Nest (M) Slime Pits (O) Orcish Mines (E) Elven Halls (V) Vaults (C) Crypt (U) Depths (H) Hell (Z) Zot
Where to? (Enter - D:1, ? - help)
Okay, then.
Unknown command.
Unknown command.
Unknown command.
Unknown command.
Unknown command.
Unknown command.
(D) Dungeon (T) Temple (L) Lair (S) Swamp (N) Spider Nest (M) Slime Pits (O) Orcish Mines (E) Elven Halls (V) Vaults (C) Crypt (U) Depths (H) Hell (Z) Zot
Where to? (Enter - D:1, ? - help)
There is a stone staircase leading down here.
There is a stone staircase leading up here.
There is a stone staircase leading up here.
You climb upwards.
There is a stone staircase leading down here.
There is a stone staircase leading up here.
You climb upwards.
There is a stone staircase leading down here.
There is a large open door here.
There is a large open door here.
There is an empty arch of ancient stone here.
There is a staircase leading out of the dungeon here.
You feel clever all of a sudden.
You feel yourself speed up.
You feel very buoyant.
You fly up into the air.
You feel very mighty all of a sudden.
Okay, then.
Unknown command.
Unknown command.
You can't go down here!
You have escaped!

........#######........#......###
........'...........####......# #
........######.♣♣.♣.○§§'......###
......).###§♣.♣.♣.♣♣§§##.........
##########☼[♣♣.∩.§♣§♣.♣#.........
##♣♣.♣∩...§§♣♣.#.........
#..♣.∩..8..∩♣♣.♣.........
#♣♣.∩.......∩.♣♣.........
♣♣..8.@.8......#####...
♣∩.......∩♣.♣## ##..
♣.§..8..∩.♣.♣ #.. #♣♣§♣§§..∩♣.♣♣#
#.. #§§♣♣§∩.∩♣.♣.♣ #..
##.§§♣♣..♣.⌠§# #.. ####♣.♣♣.####
#.. ###### ###


There were no monsters in sight!

Vanquished Creatures
  A dread lich (Zot:5)
  Mara (Vaults:3)
  2 orbs of fire (Zot:5)
  A juggernaut (Depths:1)
  Parghit (Depths:3)
  Frederick (Vaults:4)
  A shard shrike (shapeshifter) (Depths:2)
  4 golden dragons
  Nikola (Spider:3)
  2 doom hounds (Zot:4)
  Arachne (Spider:4)
  Rupert (Vaults:4)
  Jorgrun (Spider:1)
  3 tentacled monstrosities (Zot:4)
  Grunn (Zot:4)
  7 Orb Guardians (Zot:5)
  Asterion (Vaults:4)
  5 quicksilver dragons
  A walking frostbound tome (Depths:4)
  7 titans
  A deep elf blademaster (Elf:3)
  3 deep elf master archers (Elf:3)
  An ancient champion (Vaults:4)
  4 sphinxes
  5 acid blobs
  Kirke (Lair:3)
  A death cob (Zot:4)
  A draconian monk (Depths:4)
  A thorn hunter (Swamp:3)
  3 shadow dragons (Vaults:5)
  3 storm dragons
  A fenstrider witch (Swamp:4)
  5 azure jellies
  6 tengu reavers
  4 fire giants
  A rockslime (Slime:5)
  Louise (Spider:2)
  9 frost giants
  4 emperor scorpions (Spider:4)
  6 deep elf sorcerers
  A ghost moth (Spider:4)
  A draconian shifter (Zot:3)
  A draconian scorcher (Depths:4)
  A ghost moth (shapeshifter) (D:15)
  15 vault wardens
  5 deep elf elementalists
  A balrug (Depths:3)
  4 spectral caustic shrikes (Depths:4)
  2 spriggan defenders
  7 war gargoyles (Depths:2)
  2 broodmothers
  24 ironbound preservers
  43 very ugly things
  16 stone giants
  A caustic shrike skeleton (Depths:3)
  A vampire knight (Depths:2)
  6 ironbound thunderhulks
  2 orc warlords
  3 green draconians
  5 eleionomae
  The ghost of Qohyut the Thaumaturge, a journeyman GnFE of Cheibriados (D:15)
  7 deep elf demonologists
  2 purple draconians
  11 deep elf annihilators
  A red draconian (Zot:3)
  A dire elephant (Vaults:2)
  8 bunyips
  2 spark wasps (Spider:4)
  A yellow draconian (Depths:4)
  9 ettins
  3 deep elf death magi
  2 entropy weavers
  4 deep elf high priests
  3 jiangshi (Depths:3)
  12 fire dragons
  A quicksilver dragon zombie (Depths:3)
  9 great orbs of eyes
  14 yaktaur captains
  A shambling mangrove (Swamp:2)
  3 caustic shrike simulacra (IceCv)
  6 rakshasas
  12 vault guards
  2 demonspawn (Orc:2)
  An ogre mage (D:14)
  Erolcha (D:12)
  10 ice dragons
  14 ironbound frosthearts
  A death knight (D:14)
  3 peacekeepers
  A ghost crab (Swamp:1)
  4 radroaches
  5 spriggan air magi
  12 centaur warriors
  Erica (D:10)
  5 boulder beetles
  6 alligators
  An alligator snapping turtle (shapeshifter) (Depths:2)
  8 hydras
  9 two-headed ogres
  45 dancing weapons
  6 death scarabs (Spider:4)
  6 death yaks (Lair:5)
  5 deep troll shamans
  A vampire mage (Depths:3)
  6 deep troll earth magi
  5 tengu warriors
  6 orc high priests (Orc:2)
  A titan zombie (Depths:3)
  3 spriggan berserkers (Depths:3)
  A spectral emperor scorpion (Spider:4)
  2 hell knights
  Urug (D:10)
  2 sun demons
  10 skeletal warriors
  13 deep elf knights
  A sixfirhy (Orc:2)
  4 spriggans
  57 deep trolls
  8 goliath frogs
  A deep troll (shapeshifter) (Vaults:5)
  5 iron trolls
  A sun moth (Spider:3)
  6 pharaoh ants
  2 storm dragon skeletons
  3 spriggan druids
  2 glowing orange brains (shapeshifter)
  9 wizards
  2 flayed ghosts
  2 swamp dragons
  4 obsidian statues (Depths:2)
  2 bog bodies (Swamp:4)
  3 harpies (Vaults:5)
  9 glowing orange brains
  8 orb spiders
  3 steelbarb worms
  25 deep elf zephyrmancers
  10 orc knights
  2 phantasmal warriors (Vaults:5)
  12 deep elf archers
  2 orange crystal statues (IceCv)
  13 lindwurms
  Pikel (D:6)
  26 deep elf pyromancers
  A sphinx zombie (Depths:1)
  A wolf spider zombie (Spider:4)
  24 ironbound convokers
  8 necromancers
  A golden dragon skeleton (Depths:3)
  17 wolf spiders
  A wolf spider (shapeshifter) (Depths:2)
  4 spectral wolf spiders (Spider:4)
  52 ugly things
  A shadow dragon skeleton (Depths:3)
  A stone giant zombie (Vaults:4)
  A faun (shapeshifter) (Vaults:5)
  A salamander (shapeshifter) (Elf:1)
  3 cyclopes
  3 moths of wrath (shapeshifter) (Depths:2)
  A tengu skeleton (Vaults:2)
  6 moths of wrath
  6 orc sorcerers
  A stone giant skeleton (Vaults:4)
  2 will-o-the-wisps
  5 black mambas
  A sphinx skeleton (Vaults:2)
  An eye of devastation (Slime:5)
  3 elephants (Lair:4)
  An iron dragon skeleton (Depths:1)
  14 vault sentinels
  2 water nymphs (Swamp:4)
  4 human skeletons
  A smoke demon (Depths:3)
  2 frost giant skeletons (Depths:1)
  2 molten gargoyles (Depths:2)
  18 cane toads
  2 elf zombies (Vaults:2)
  An orange demon (Orc:2)
  A titan simulacrum (Depths:3)
  2 torpor snails
  4 gargoyles
  A kobold demonologist (D:13)
  4 rime drakes
  A rime drake (shapeshifter) (D:14)
  3 anaconda simulacra (IceCv)
  7 demonic crawlers
  3 spectral redbacks (Spider:4)
  4 yaktaur skeletons
  An efreet (D:13)
  An unseen horror (D:13)
  9 freezing wraiths
  11 komodo dragons
  A tengu conjurer (D:15)
  27 yaktaurs
  A wind drake (Depths:2)
  6 golden dragon simulacra
  A queen bee (shapeshifter) (Depths:2)
  7 meliai
  2 polar bears
  2 spectral jumping spiders (Spider:4)
  4 hornets
  A tarantella (shapeshifter) (D:15)
  4 spectral tarantellas (Spider:4)
  9 trolls
  A merfolk (shapeshifter) (Vaults:3)
  A slime creature (shapeshifter) (Vaults:5)
  8 tyrant leeches
  11 tarantellas
  20 blink frogs
  A raiju (shapeshifter) (Vaults:5)
  67 slime creatures
  A spectral culicivora (Spider:4)
  4 dream sheep (Lair:5)
  A dream sheep (shapeshifter) (Depths:2)
  2 jumping spider zombies (Spider:4)
  A tarantella zombie (Spider:4)
  A frost giant simulacrum (Depths:3)
  19 jumping spiders
  A vampire (D:11)
  A culicivora (shapeshifter) (Depths:2)
  9 air elementals
  18 culicivoras
  A ynoxinul (Orc:2)
  A shadow (D:9)
  3 wraiths
  3 ettin skeletons
  2 dire elephant simulacra (IceCv)
  A deep troll skeleton (Vaults:2)
  6 basilisks
  6 golden eyes (Slime:5)
  8 wyverns
  10 water elementals
  A hog (shapeshifter) (D:13)
  15 fire elementals
  4 swamp worm simulacra (Swamp:4)
  30 yaks
  42 redbacks
  20 vampire mosquitoes
  3 elf skeletons (Vaults:2)
  A steam dragon (Lair:3)
  A harpy simulacrum (IceCv)
  A warg (Orc:1)
  5 acid dragons
  A glowing shapeshifter zombie (Depths:3)
  14 swamp worms
  A floating eye (shapeshifter) (Depths:2)
  10 water moccasins
  2 floating eyes
  2 glowing shapeshifter skeletons (Vaults:1)
  Duvessa (D:7)
  19 hydra simulacra
  34 orc warriors
  2 sky beasts
  4 ice beasts
  5 swamp drakes
  2 black bears
  7 ogres
  11 wolves
  9 centaurs
  A lemure (D:6)
  A phantom (D:5)
  Blork the orc (D:6)
  21 bullfrogs
  A scorpion (D:7)
  18 earth elementals
  A necrophage (D:5)
  A gnoll sergeant (D:9)
  Dowan (D:7)
  A lindwurm simulacrum (IceCv)
  18 killer bees
  8 electric eels
  A vampire bat (Orc:2)
  3 howler monkeys
  10 hounds
  A gnoll bouda (D:10)
  20 orc priests
  8 iguanas
  Terence (D:1)
  11 orc wizards
  5 hell rats (Lair:4)
  Robin (D:2)
  7 gnolls
  9 adders
  3 shadow imps
  A white imp (D:7)
  An ufetubus (D:5)
  4 swamp drake simulacra (Swamp:4)
  3 worms
  3 dart slugs
  A dart slug (shapeshifter) (Depths:2)
  81 orcs
  8 ball pythons
  13 bats
  7 endoplasms
  5 giant cockroaches
  10 goblins
  8 hobgoblins
  4 jackals (D:1)
  11 kobolds
  5 quokkas
  5 frilled lizards
  10 rats
  3 ball lightnings (Depths:2)
1878 creatures vanquished.

Vanquished Creatures (collateral kills)
  2 golden dragons (Vaults:5)
  A tentacled monstrosity (Vaults:5)
  2 titans (Vaults:5)
  7 acid blobs (Slime:5)
  A tengu reaver (Vaults:5)
  2 shadow dragons (Vaults:5)
  4 azure jellies (Slime:5)
  A fire giant (Depths:4)
  2 rockslimes (Slime:5)
  An iron dragon (Depths:4)
  A frost giant (Vaults:5)
  A draconian shifter (Depths:4)
  5 ironbound preservers (Vaults:5)
  8 quicksilver oozes (Slime:5)
  A deep elf annihilator (Vaults:5)
  A yellow draconian (Depths:4)
  A deep elf high priest (Elf:3)
  An ettin (Vaults:5)
  A fire dragon (Depths:4)
  2 yaktaur captains (Vaults:5)
  22 vault guards (Vaults:5)
  4 deep trolls (Vaults:5)
  A flayed ghost (Vaults:5)
  A phantasmal warrior (Vaults:5)
  2 deep elf zephyrmancers (Elf:3)
  2 orc knights (Vaults:5)
  An ironbound convoker (Vaults:2)
  A shining eye (Slime:5)
  2 yaktaurs (Vaults:5)
  3 slime creatures (Slime:5)
  A troll (Vaults:5)
  4 orc warriors
  An ogre (D:13)
  3 orc priests
  An orc wizard (Vaults:5)
  A gnoll (D:10)
  6 orcs
101 creatures vanquished.

Vanquished Creatures (others)
  the Royal Jelly (Slime:5)
  3 acid blobs (Slime:5)
  A fenstrider witch (Swamp:4)
  A stone giant (Vaults:5)
  2 ironbound preservers (Vaults:5)
  3 great orbs of eyes (Slime:5)
  A fire dragon (Depths:4)
  A vault guard (Vaults:5)
  A centaur warrior (Vaults:1)
  A sixfirhy (Depths:2)
  A deep elf zephyrmancer (Elf:1)
  A deep elf pyromancer (Elf:1)
  39 dancing weapons
  3 yaktaurs
  A bloated husk (Swamp:2)
  A wind drake (shapeshifter) (Depths:2)
  A hornet (Swamp:1)
  A tarantella (Spider:1)
  2 air elementals
  A spriggan (Swamp:1)
  4 water elementals
  A golden eye (shapeshifter) (Elf:3)
  A swamp worm (Swamp:2)
  An orc warrior (Vaults:5)
  5 ball lightnings (Depths:2)
  6 foxfires
  19 fungi
  92 plants
195 creatures vanquished.

Grand Total: 2174 creatures vanquished

Notes
Turn   | Place    | Note
-------+----------+-------------------------------------------
     0 | D:1      | Fonys the Spriggan Enchanter began the quest for the Orb.
     0 | D:1      | Reached XP level 1. HP: 9/9 MP: 5/5
    18 | D:1      | Found Noreb's Distillery.
    92 | D:1      | Bought a potion of degeneration for 13 gold pieces
   166 | D:1      | Reached XP level 2. HP: 9/13 MP: 7/7
   169 | D:1      | Learned a level 2 spell: Ensorcelled Hibernation
   532 | D:1      | Reached XP level 3. HP: 16/16 MP: 9/9
   536 | D:1      | Learned a level 3 spell: Tukima's Dance
   540 | D:1      | Learned a level 3 spell: Confusing Touch
   898 | D:1      | Bought a potion of curing for 39 gold pieces
  1232 | D:2      | Identified the +6 ring mail of the Big Bang {rC+ Will+
                  | Stlth+}
  1335 | D:2      | Noticed Terence
  1503 | D:1      | Killed Terence
  1504 | D:1      | Reached skill level 5 in Hexes
  1504 | D:1      | Reached XP level 4. HP: 21/21 MP: 8/11
  1789 | D:2      | Noticed Robin
  1798 | D:2      | Killed Robin
  2039 | D:2      | Reached XP level 5. HP: 24/24 MP: 13/13
  2281 | D:3      | Reached skill level 5 in Spellcasting
  2473 | D:3      | Reached skill level 5 in Stealth
  2628 | D:3      | Reached XP level 6. HP: 17/28 MP: 11/15
  2732 | D:3      | Learned a level 3 spell: Dazzling Flash
  3085 | D:1      | Bought a potion of heal wounds for 65 gold pieces
  3115 | D:4      | Found Wyewu's Book Boutique.
  3159 | D:4      | Found a glowing silver altar of Zin.
  3233 | D:4      | Found a runed translucent gate.
  3233 | D:4      | Found a runed translucent gate.
  3240 | D:4      | Found a runed translucent gate.
  3240 | D:4      | Noticed Grillzange's ghost (amateur DjIE)
  3472 | D:4      | Gained mutation: You have a pair of small antennae on your
                  | head. [potion of mutation]
  3472 | D:4      | Gained mutation: Potions are less effective at restoring
                  | your health. [potion of mutation]
  3472 | D:4      | Gained mutation: Your flesh is cold resistant. (rC+)
                  | [potion of mutation]
  3651 | D:5      | Entered Level 5 of the Dungeon
  3709 | D:5      | Reached skill level 6 in Stealth
  3847 | D:5      | Found a radiant altar of Vehumet.
  3859 | D:5      | Reached XP level 7. HP: 32/32 MP: 17/17
  3938 | D:5      | Reached skill level 7 in Stealth
  4644 | D:6      | Reached skill level 8 in Stealth
  4719 | D:6      | Found an ancient bone altar of Kikubaaqudgha.
  4855 | D:6      | Noticed Pikel
  4865 | D:6      | Killed Pikel
  4866 | D:6      | Reached skill level 9 in Stealth
  4866 | D:6      | Reached XP level 8. HP: 31/36 MP: 13/21
  5336 | D:6      | Noticed Blork the orc
  5343 | D:6      | Killed Blork the orc
  5373 | D:6      | Reached skill level 10 in Stealth
  5587 | D:6      | Reached XP level 9. HP: 33/39 MP: 14/22
  6481 | D:7      | Found a staircase to the Ecumenical Temple.
  6513 | Temple   | Entered the Ecumenical Temple
  6518 | Temple   | Became a worshipper of Dithmenos the Shadowed
  6527 | D:7      | Noticed Dowan
  6615 | D:7      | Reached skill level 11 in Stealth
  6827 | D:7      | Noticed Duvessa
  6855 | D:7      | Killed Dowan
  6856 | D:7      | Reached skill level 10 in Hexes
  6856 | D:7      | Killed Duvessa
  6927 | D:7      | Identified the +5 quarterstaff "Qawohogh" {flame, Fly Str+4
                  | Stlth+}
  7148 | D:7      | Found a snail-covered altar of Cheibriados.
  7250 | D:7      | Reached skill level 12 in Stealth
  7250 | D:7      | Reached skill level 10 in Spellcasting
  7512 | D:1      | Bought a potion of mutation for 104 gold pieces
  7512 | D:1      | Bought a potion of might for 52 gold pieces
  7512 | D:1      | Lost mutation: You have a pair of small antennae on your
                  | head. [potion of mutation]
  7512 | D:1      | Lost mutation: Potions are less effective at restoring your
                  | health. [potion of mutation]
  7512 | D:1      | Lost mutation: Your flesh is cold resistant. (rC+) [potion
                  | of mutation]
  7512 | D:1      | Gained mutation: You are robust. (+10% HP) [potion of
                  | mutation]
  7512 | D:1      | Gained mutation: You are agile. (Dex +4, Str/Int -1)
                  | [potion of mutation]
  7512 | D:1      | Gained mutation: Your body sometimes deteriorates upon
                  | taking damage. [potion of mutation]
  7667 | D:8      | You fall into a shaft and drop 1 floor!
  7670 | D:9      | Noticed a troll
  7672 | D:9      | Killed a troll
  7737 | D:9      | Noticed a two-headed ogre
  7744 | D:9      | Killed a two-headed ogre
  7745 | D:9      | Reached skill level 13 in Stealth
  7745 | D:9      | Reached XP level 10. HP: 48/48 MP: 25/25
  7782 | D:9      | Noticed a cyclops
  7801 | D:9      | Killed a cyclops
  7802 | D:9      | Reached skill level 1 in Fighting
  8206 | D:8      | Reached * piety under Dithmenos
  9013 | D:9      | Noticed a tengu warrior
  9013 | D:9      | Noticed a seven-headed hydra
  9020 | D:9      | Killed a seven-headed hydra
  9035 | D:9      | Killed a tengu warrior
  9036 | D:9      | Reached skill level 5 in Dodging
  9114 | D:9      | Noticed a two-headed ogre
  9121 | D:9      | Killed a two-headed ogre
  9122 | D:9      | Reached skill level 14 in Stealth
  9122 | D:9      | Reached XP level 11. HP: 56/56 MP: 27/27
  9124 | D:9      | Identified the +2 ring mail "Ytebueq" {Rampage rPois}
  9170 | D:9      | Noticed a centaur warrior
  9174 | D:9      | Killed a centaur warrior
  9367 | D:10     | Entered Level 10 of the Dungeon
  9412 | D:10     | Learned a level 3 spell: Stone Arrow
  9519 | D:10     | Noticed Erica
  9665 | D:10     | Learned a level 4 spell: Anguish
  9673 | D:10     | Learned a level 7 spell: Enfeeble
  9686 | D:10     | Killed Erica
  9747 | D:10     | Noticed a green ugly thing
  9753 | D:10     | Noticed a white ugly thing
  9754 | D:10     | Noticed a green ugly thing
  9754 | D:10     | Noticed a brown ugly thing
  9756 | D:10     | Killed a green ugly thing
  9762 | D:10     | Killed a brown ugly thing
  9762 | D:10     | Reached ** piety under Dithmenos
  9764 | D:10     | Killed a brown ugly thing
  9768 | D:10     | Noticed a cyan ugly thing
  9770 | D:10     | Killed a green ugly thing
  9771 | D:10     | Reached skill level 5 in Short Blades
  9771 | D:10     | Noticed a purple ugly thing
  9775 | D:10     | Killed a cyan ugly thing
  9778 | D:10     | Killed a purple ugly thing
  9854 | D:10     | Noticed a purple very ugly thing
  9855 | D:10     | Noticed a wizard
  9923 | D:10     | Noticed Urug
  9928 | D:10     | Killed Urug
 10050 | D:10     | Reached skill level 15 in Stealth
 10359 | D:10     | Killed a purple very ugly thing
 10408 | D:10     | Noticed a wizard
 10413 | D:10     | Killed a wizard
 10419 | D:10     | Killed a wizard
 10565 | D:11     | Noticed a cyan ugly thing
 10570 | D:11     | Killed a cyan ugly thing
 10571 | D:11     | Reached XP level 12. HP: 63/63 MP: 24/29
 10674 | D:11     | Noticed a boulder beetle
 10721 | D:11     | Killed a boulder beetle
 11357 | D:11     | Found a staircase to the Lair.
 11802 | D:12     | Reached *** piety under Dithmenos
 11978 | D:12     | Found a staircase to the Orcish Mines.
 12079 | D:12     | Reached skill level 5 in Fighting
 12217 | D:12     | Noticed Erolcha
 12224 | D:12     | Killed Erolcha
 12350 | D:12     | Reached skill level 16 in Stealth
 12729 | D:13     | Noticed an eight-headed hydra
 12731 | D:13     | Killed an eight-headed hydra
 12823 | D:13     | Noticed a boulder beetle
 12834 | D:13     | Killed a boulder beetle
 12933 | D:13     | Identified the +0 ring mail "Qewkom" {rF++ Int+2}
 12981 | D:13     | Found Cyof's Distillery.
 12997 | D:13     | Reached **** piety under Dithmenos
 13057 | D:13     | Reached XP level 13. HP: 33/71 MP: 4/31
 13248 | D:13     | Bought a potion of attraction for 42 gold pieces
 13248 | D:13     | Bought a potion of curing for 42 gold pieces
 13248 | D:13     | Bought a potion of curing for 42 gold pieces
 13248 | D:13     | Bought a potion of curing for 42 gold pieces
 13248 | D:13     | Bought a potion of flight for 42 gold pieces
 13248 | D:13     | Bought a potion of curing for 42 gold pieces
 13248 | D:13     | Bought a potion of ambrosia for 112 gold pieces
 13539 | D:13     | Found a gate to the Vaults.
 13539 | D:13     | Noticed an ironbound preserver
 13549 | D:13     | Killed an ironbound preserver
 13635 | D:13     | Reached skill level 10 in Dodging
 13728 | D:13     | Reached skill level 17 in Stealth
 14062 | D:12     | Reached ***** piety under Dithmenos
 15252 | D:15     | Entered Level 15 of the Dungeon
 15340 | D:15     | Found a staircase to the Depths.
 15340 | D:15     | Noticed an ettin
 15366 | D:15     | Killed an ettin
 15535 | D:15     | Identified the +1 chain mail "Olociq" {Drain rPois Stlth+}
 15743 | D:15     | Reached XP level 14. HP: 49/77 MP: 18/33
 15843 | D:15     | Noticed a ghost moth
 15853 | D:15     | Killed a ghost moth
 16081 | D:15     | Noticed Qohyut's ghost (journeyman GnFE)
 16082 | D:15     | Found a runed translucent door.
 16093 | D:15     | Killed Qohyut's ghost
 16131 | D:15     | Reached skill level 18 in Stealth
 16799 | Lair:1   | Entered Level 1 of the Lair of Beasts
 17470 | Lair:2   | Reached skill level 15 in Hexes
 17766 | Lair:2   | Found a dark tunnel.
 17792 | Volcano  | Entered a volcano
 17833 | Volcano  | Noticed a stone giant
 17849 | Volcano  | Killed a stone giant
 18408 | Lair:3   | You fall into a shaft and drop 2 floors!
 18408 | Lair:5   | Entered Level 5 of the Lair of Beasts
 18428 | Lair:5   | Reached skill level 10 in Short Blades
 18428 | Lair:5   | Reached skill level 15 in Spellcasting
 18791 | Lair:3   | Noticed Kirke
 18799 | Lair:3   | Killed Kirke
 18829 | Lair:3   | Reached ****** piety under Dithmenos
 18889 | Lair:3   | Found a hole to the Spider Nest.
 18954 | Lair:3   | Found a staircase to the Swamp.
 19409 | Lair:4   | Reached XP level 15. HP: 84/84 MP: 29/35
 19424 | Lair:4   | Reached skill level 19 in Stealth
 20721 | Lair:5   | Found a viscous altar of Jiyva.
 20722 | Lair:5   | Found a staircase to the Slime Pits.
 21333 | Lair:5   | Lost mutation: You are agile. (Dex +4, Str/Int -1) [potion
                  | of mutation]
 21333 | Lair:5   | Lost mutation: You are robust. (+10% HP) [potion of
                  | mutation]
 21333 | Lair:5   | Lost mutation: Your body sometimes deteriorates upon taking
                  | damage. [potion of mutation]
 21333 | Lair:5   | Gained mutation: You are agile. (Dex +4, Str/Int -1)
                  | [potion of mutation]
 21333 | Lair:5   | Gained mutation: Your system is resistant to poisons.
                  | (rPois) [potion of mutation]
 22128 | Orc:1    | Entered Level 1 of the Orcish Mines
 22370 | Orc:2    | Entered Level 2 of the Orcish Mines
 22638 | Orc:1    | Found a shimmering blue altar of Sif Muna.
 22778 | Orc:2    | Found a staircase to the Elven Halls.
 22989 | Orc:2    | Found Qiwiq's General Store.
 22991 | Orc:2    | Found Iruken's General Store.
 23210 | Orc:2    | Bought a potion of heal wounds for 50 gold pieces
 23210 | Orc:2    | Bought a scroll of vulnerability for 40 gold pieces
 24237 | Orc:2    | Found Batufaj's Jewellery Emporium.
 24237 | Orc:2    | Found a one-way gate leading to the halls of Pandemonium.
 24237 | Orc:2    | Found Nedyi's Antique Armour Shoppe.
 24909 | Spider:1 | Entered Level 1 of the Spider Nest
 24911 | Spider:1 | Identified the +6 hand axe of Mayhem {freeze, *Noise +Blink
                  | Int+2}
 25016 | Spider:1 | Reached skill level 20 in Stealth
 25186 | Spider:1 | Identified the +7 falchion of Saltpetre {vorpal, Fly rCorr
                  | Int+6 SInv}
 25315 | Spider:1 | Reached XP level 16. HP: 83/84 MP: 33/37
 25529 | Spider:1 | Noticed Jorgrun
 25543 | Spider:1 | Killed Jorgrun
 26210 | Spider:2 | Noticed Louise
 26221 | Spider:2 | Killed Louise
 27092 | Spider:3 | Noticed Nikola
 27094 | Spider:3 | Killed Nikola
 27716 | Spider:4 | Entered Level 4 of the Spider Nest
 27963 | Spider:4 | Noticed Arachne
 27974 | Spider:4 | Reached skill level 15 in Dodging
 27990 | Spider:4 | Killed Arachne
 28000 | Spider:4 | Reached skill level 21 in Stealth
 28341 | Spider:4 | Reached skill level 1 in Invocations
 28792 | Spider:4 | Reached skill level 5 in Invocations
 29149 | Spider:4 | Reached XP level 17. HP: 75/78 MP: 33/39
 29767 | Spider:4 | Got a gossamer rune of Zot
 30171 | Vaults:1 | Entered Level 1 of the Vaults
 30418 | Vaults:1 | Found Utam's Armour Shoppe.
 30653 | Vaults:1 | Found Dev Uwi's Assorted Antiques.
 30658 | Vaults:1 | Bought a scroll of magic mapping for 225 gold pieces
 30884 | Vaults:1 | Reached skill level 10 in Fighting
 30898 | Vaults:1 | Found Unol's Assorted Antiques.
 30955 | Vaults:1 | Bought a scroll of enchant armour for 337 gold pieces
 31099 | Vaults:1 | Found Pyse's Weapon Shop.
 31503 | Vaults:1 | Found Faypaag's Weapon Shoppe.
 31937 | Vaults:1 | Reached XP level 18. HP: 86/95 MP: 32/40
 32070 | Vaults:2 | Reached skill level 22 in Stealth
 32319 | Vaults:2 | Found a staircase to the Crypt.
 33472 | Vaults:2 | Identified the ring "Moextost" {Wiz rElec rF+ rCorr Dex+3}
 34398 | Vaults:2 | Upgraded the game from 0.30-a0-463-g4188047c90 to
                  | 0.30-a0-465-g8901f6c8b5
 34615 | Vaults:3 | Reached skill level 23 in Stealth
 35188 | Vaults:3 | Reached XP level 19. HP: 100/100 MP: 39/42
 35964 | Vaults:3 | Noticed Mara
 35966 | Vaults:3 | Killed Mara
 37210 | Elf:1    | Entered Level 1 of the Elven Halls
 37210 | Elf:1    | Found a runed translucent gate.
 37210 | Elf:1    | Found a runed translucent gate.
 37210 | Elf:1    | Found a runed translucent gate.
 37210 | Elf:1    | Found a runed translucent gate.
 37210 | Elf:1    | Found a runed translucent gate.
 37210 | Elf:1    | Found a runed translucent gate.
 37211 | Elf:1    | Found a runed translucent door.
 37299 | Elf:1    | Found a runed translucent door.
 37947 | Elf:1    | Paralysed by an air elemental for 1 turns
 38069 | Elf:1    | Reached skill level 24 in Stealth
 38369 | Elf:1    | Found Neyvig's Antique Armour Shop.
 38377 | Elf:1    | Bought a colourful robe for 182 gold pieces
 38377 | Elf:1    | Identified the +0 robe "Edwitrel" {Int+2} (You bought it in
                  | a shop on level 1 of the Elven Halls)
 38462 | Elf:1    | Found a stormy altar of Qazlal.
 39033 | Elf:1    | Learned a level 3 spell: Teleport Other
 39519 | Swamp:1  | Entered Level 1 of the Swamp
 40195 | Swamp:2  | Identified the +9 glaive "Wuoto" {vorpal, rCorr Int+5 Dex+2
                  | SInv}
 40585 | Swamp:3  | Reached XP level 20. HP: 107/107 MP: 41/44
 41097 | Swamp:4  | Entered Level 4 of the Swamp
 41271 | Swamp:4  | Found a frozen archway.
 41280 | IceCv    | Entered an ice cave
 42430 | Swamp:4  | Got a decaying rune of Zot
 42999 | Vaults:4 | Reached skill level 25 in Stealth
 43460 | Vaults:4 | Got the Meditations on Profane Rites and Bewitchment
 43468 | Vaults:4 | Learned a level 4 spell: Dispel Undead
 43748 | Vaults:4 | Found Ykhlietya's Weapon Emporium.
 44137 | Vaults:4 | Noticed Frederick
 44148 | Vaults:4 | Noticed Asterion
 44148 | Vaults:4 | Noticed Rupert
 44155 | Vaults:4 | Killed Frederick
 44165 | Vaults:4 | Killed Asterion
 44180 | Vaults:4 | Killed Rupert
 45172 | Elf:2    | Found a runed translucent gate.
 45173 | Elf:2    | Found a runed translucent gate.
 45472 | Elf:2    | Reached XP level 21. HP: 113/113 MP: 40/46
 45881 | Elf:2    | Found a runed translucent gate.
 45920 | Elf:2    | Identified the +1 ring mail of Kindness {-Tele Str+6}
 46022 | Elf:3    | Entered Level 3 of the Elven Halls
 46055 | Elf:3    | Learned a level 1 spell: Apportation
 46827 | Elf:3    | Identified the ring "Zaafis" {rC+ Will+ Str+4 Int+4 SInv}
 47042 | Elf:3    | Identified the +4 great sword of Xom's Esteem {holy, rElec}
 47308 | Elf:3    | Reached skill level 26 in Stealth
 47371 | Elf:3    | Identified the +8 quarterstaff "Qoziclul" {venom, Stlth+}
 47492 | Elf:3    | Identified the amulet "Winail" {Faith Regen+}
 47770 | Elf:3    | Identified the +1 war axe of Xoshixug {spect, +Blink}
 47792 | Elf:3    | Identified the +7 falchion "Peowonoll" {protect, Str+6
                  | Int-5 Stlth+}
 47846 | Elf:3    | Identified the +5 dire flail "Decish" {vorpal, Will-
                  | Dex+10}
 48082 | Elf:3    | Identified the +5 long sword of Yczun {drain, rCorr Int-4
                  | Stlth+}
 48290 | Elf:3    | Identified the +8 flail of the Bedazzling Gods {pain, rN+}
 48860 | Elf:3    | Got the Reference Book on the Algid Birds
 48882 | Elf:3    | Identified the +8 shortbow "Ogreslayer" {drain, rElec}
 48884 | Elf:3    | Identified the +1 sling "Meluqalo" {freeze, Fly rElec
                  | Int+2}
 48922 | Elf:3    | Identified the +1 hand crossbow of Duxyuxku {penet, Str+5
                  | Int-4}
 49183 | Depths:1 | Entered Level 1 of the Depths
 49539 | Depths:1 | Identified the +4 hand axe of the Snake Pit {vorpal, MP+9
                  | Str+4}
 49660 | Depths:1 | Found a gateway to Hell.
 49849 | Depths:1 | Noticed a juggernaut
 49854 | Depths:1 | Killed a juggernaut
 50442 | Depths:2 | Got the Textbook on Conflict and the Arsonist
 50490 | Depths:2 | Reached XP level 22. HP: 120/120 MP: 48/48
 50763 | Depths:2 | Paralysed by an air elemental for 1 turns
 50766 | Depths:2 | Reached skill level 27 in Stealth
 50878 | Depths:2 | an iron dragon changed into a shard shrike
 50878 | Depths:2 | Noticed a shard shrike (glowing shapeshifter)
 50891 | Depths:2 | Killed a shard shrike
 51220 | Depths:2 | Paralysed by an air elemental for 1 turns
 51940 | Depths:2 | Found a one-way gateway to a ziggurat.
 51950 | Depths:2 | Identified the amulet "Ydwigam" {Spirit Fly rF++ Stlth+}
 51982 | Depths:2 | Got the Vellum of Elliptic Ice
 52071 | Depths:2 | Got the Reference Book on Lethal Convocation
 52074 | Depths:2 | Got the Exposition on Feathers
 52079 | Depths:2 | Identified the amulet "Afeal" {Acrobat rCorr}
 52948 | Depths:3 | Found a one-way gate to the infinite horrors of the Abyss.
 53344 | Depths:3 | Found Fewem's Book Boutique.
 53353 | Depths:3 | Found Atukh's Jewellery Shop.
 53355 | Depths:3 | Found Lugh's Antique Weapon Boutique.
 53361 | Depths:3 | Bought the amulet of Sif Muna's Fury {Acrobat rElec rF+ rC+
                  | Regen+} for 696 gold pieces
 53464 | Depths:3 | Identified the amulet of Enuasogrekh {Faith +Blink rF+}
 53502 | Depths:3 | Found a shimmering blue altar of Sif Muna.
 53506 | Depths:3 | Found a transporter.
 53973 | Depths:3 | You fall into a shaft and drop 1 floor!
 53973 | Depths:4 | Entered Level 4 of the Depths
 53973 | Depths:4 | Noticed a golden dragon
 53973 | Depths:4 | Found a gate to the Realm of Zot.
 54101 | Depths:3 | Identified the +1 glaive of Valour {freeze, rN+ Str+4}
 54313 | Depths:3 | Noticed Parghit
 54321 | Depths:3 | Killed Parghit
 54367 | Depths:3 | Identified a scroll of acquirement
 54392 | Depths:3 | Acquired 728 gold pieces
 55004 | Depths:4 | Found Empu's Book Boutique.
 55004 | Depths:4 | Found Soitain's Jewellery Shoppe.
 55005 | Depths:4 | Found Ejirphall's Book Boutique.
 55021 | Depths:4 | Bought a book of Chaos for 1050 gold pieces
 55030 | Depths:4 | Learned a level 8 spell: Discord
 55310 | Vaults:5 | Entered Level 5 of the Vaults
 55317 | Vaults:5 | Reached skill level 15 in Fighting
 55321 | Vaults:5 | Reached XP level 23. HP: 108/126 MP: 46/50
 55430 | Vaults:5 | Identified the +6 sling "Uvaneyrebe" {elec, rC+ Dex+3} (You
                  | took it off a yaktaur captain on level 5 of the Vaults)
 55691 | Vaults:5 | Identified the +3 scale mail of the Aged Prophets {rC+
                  | Will+ Int+4 Stlth+}
 55696 | Vaults:5 | Identified the +7 hand axe of Dextig {freeze, Contam rElec
                  | rC+ Int+5}
 55894 | Vaults:5 | Got the Secrets of Nocuous Congelation
 55900 | Vaults:5 | Got Ereshkigal's Guidebook on the Dead
 56164 | Vaults:5 | Acquired 1136 gold pieces
 56526 | Vaults:5 | Identified the +11 arbalest of Hell's Wrath {drain, rC+}
 56661 | Vaults:5 | Got a silver rune of Zot
 56709 | Vaults:5 | Got Sif Muna's Precepts of Putrid Embers
 57666 | Depths:4 | Found Uheak's Magic Scroll Boutique.
 57683 | Depths:4 | Bought a scroll of teleportation for 63 gold pieces
 57928 | Depths:4 | Paralysed by a floating eye for 3 turns
 59023 | Slime:1  | Entered Level 1 of the Pits of Slime
 59059 | Slime:5  | Entered Level 5 of the Pits of Slime
 59124 | Slime:5  | Noticed the Royal Jelly
 59126 | Slime:5  | Found a viscous altar of Jiyva.
 59144 | Slime:5  | Reached XP level 24. HP: 133/133 MP: 40/51
 59145 | Slime:5  | Killed the Royal Jelly
 59257 | Slime:5  | Got a slimy rune of Zot
 59295 | Slime:5  | Identified the +3 quarterstaff of Keziu {protect, rC+ Str+2
                  | Int+4}
 59314 | Slime:5  | Acquired the +7 Spriggan's Knife {stab, EV+4 Stlth+}
 59314 | Slime:5  | Found the +7 Spriggan's Knife {stab, EV+4 Stlth+}
 59814 | Zot:1    | Entered Level 1 of the Realm of Zot
 60202 | Zot:4    | Noticed Grunn
 60231 | Zot:4    | Killed Grunn
 60279 | Zot:4    | Identified the ring "Toumeh" {Ice rElec SInv}
 60279 | Zot:4    | Noticed Josephina
 60303 | Zot:5    | Entered Level 5 of the Realm of Zot
 60322 | Zot:5    | Found Sesy's Changing Room.
 60335 | Zot:5    | Bought a potion of mutation for 184 gold pieces
 60414 | Zot:5    | Noticed an orb of fire
 60414 | Zot:5    | Noticed an orb of fire
 60416 | Zot:5    | Noticed a Killer Klown
 60416 | Zot:5    | Noticed an ancient lich
 60416 | Zot:5    | Noticed an ancient lich
 60416 | Zot:5    | Noticed a dread lich
 60417 | Zot:5    | Killed an orb of fire
 60418 | Zot:5    | Killed an orb of fire
 60421 | Zot:5    | Killed a dread lich
 60432 | Zot:5    | Got the Orb of Zot
 60438 | Zot:5    | Noticed an ancient lich
 60440 | Zot:5    | Noticed an ancient lich
 60443 | Zot:5    | Noticed an ancient lich
 60457 | Zot:5    | Noticed an orb of fire
 60457 | Zot:5    | Noticed a dread lich
 60457 | Zot:5    | Noticed a Killer Klown
 60465 | Zot:5    | Noticed a Killer Klown
 60472 | Zot:5    | Noticed Heschouwk the pandemonium lord
 60666 | Depths:3 | Noticed Namef the pandemonium lord
 61058 | D:4      | Noticed Boggud the pandemonium lord
 61109 | D:$      | Escaped with the Orb!

Illustrated notes

Levels and vault maps discovered:
D:1:      heliophobic_arrival_enchanted_forest, layout_basic, serial_shops,
          shop_statue
D:2:      minmay_chambers_of_twos, layout_basic, chequers_serial_rivers_room_a,
          serial_park_tiny_pond, nicolae_eternal_life, minmay_close_crescents,
          uniq_robin, uniq_terence
D:3:      layout_rooms
D:4:      layout_rooms, kennysheep_mini, serial_curves, eino_curves_02,
          eino_curves_03, ebering_ghost_rock_garden, corexii_hall_statues_t,
          minmay_shop_grid_forest, nicolae_kite_square_tiling_tiny, hex_medium
D:5:      layout_basic, amcnicky_altar_gilded
D:6:      wad_lake_hut, layout_layer_cave, lemuel_round_altar, grunt_tough_drop,
          uniq_pikel, uniq_blork_the_orc
D:7:      layout_basic, kennysheep_slug_shrine, minmay_temple_entry_statues,
          uniq_duvessa
D:8:      layout_basic, hex_intersection
D:9:      nzn_winding_woodlands_three_and_one
          [nzn_winding_woodlands_5x15_zeroes,
          nzn_winding_woodlands_5x15_crooked, nzn_winding_woodlands_5x15_twine,
          nzn_winding_woodlands_center_diamonds], layout_basic, kb_rosetta
D:10:     cheibrodos_breeding_chamber, layout_basic,
          nicolae_elevator_lobby_plus, uniq_erica, uniq_urug
D:11:     layout_cave_pods, erik_lair_dragon, feat_on_display
D:12:     nicolae_cairo_tiling_large_dashed, layout_irregular_city, david_orc_5,
          uniq_erolcha
D:13:     layout_roguey [special_room_orc], skrybe_vaults_entry_preservation,
          serial_shops, nicolae_stop_n_shop_1,
          hangedman_abyss_or_decor_lesser_grid
D:14:     layout_loops_corners
D:15:     hangedman_depths_entry_civil_slaughter, layout_cave_pods,
          hangedman_decor_cross_pass, hellmonk_ghost_happy_afterlife
Temple:   dpeg_three_leaves_temple
Lair:1:   layout_roguey, lemuel_fruit_fields
Lair:2:   layout_long_grid, nicolae_volcano_entry_vermiform, lemuel_fruit_fields
Lair:3:   layout_regular_city, swamp_mist, spider_nest_entry_rubble,
          st_stairs_11, uniq_kirke
Lair:4:   layout_cave_pods, st_stairs_9
Lair:5:   minmay_lair_end_frog_pond, layout_cave_pods, slime_entry_1,
          chequers_serial_rivers_micro_d, columned_hall_lemuel
Swamp:1:  layout_falls_marsh, evilmike_swamp_ruin_house_2, swamp_pool3
Swamp:2:  layout_falls_marsh, evilmike_swamp_ruin_house_4
Swamp:3:  nicolae_swamp_ascending_descending_big, layout_basic_swamp,
          nicolae_swamp_dense_foliage
Swamp:4:  swamp_icy, layout_basic_swamp, portal_ice_cave_entry_frozen_things,
          swamp_pool5, nicolae_swamp_round_clearing,
          nicolae_swamp_nymph_family_reunion
Spider:1: layout_spider_delve, uniq_jorgrun
Spider:2: layout_spider_delve, drop_trap, nicolae_spider_cling_halls,
          uniq_louise
Spider:3: layout_spider_delve, uniq_nikola
Spider:4: floodkiller_spider_rune_tomb, uniq_arachne
Slime:1:  cheibrodos_slime_lost_civilization_1, layout_caves
Slime:2:  layout_caves, nicolae_slime_phagocytosis
Slime:3:  layout_caves
Slime:4:  layout_caves
Slime:5
Orc:1:    layout_caves, kennysheep_orc_sif_temple
Orc:2:    pf_orc_diabolical, layout_diamond_mine, basic_altar, roderic_batcave
Elf:1:    nicolae_elf_arrival_dilemma, layout_geoelf_grid, serial_shops,
          nicolae_shop_crystal, kennysheep_underground_church,
          nicolae_elf_altarnating, grunt_megastairs_5
Elf:2:    elven_hall_of_blades_hangedman_original [nicolae_blade_bullseye],
          layout_onion_city
Elf:3:    minmay_elf_hall_quartered_circle, layout_geoelf_octagon,
          evilmike_minifort
Vaults:1: nicolae_vaults_stairing_the_circle, vaults_room_door_ring,
          st_smaller_cells, ontoclasm_vaults_shuriken, hangedman_vaults_slice,
          nicolae_vaults_circle_grid_a, nicolae_vaults_specimen_jars,
          vaults_room_hallway, vaults_dpeg_emergency_exit, v_misc_29, v_misc_9,
          nicolae_vaults_what_the_h, vaults_dpeg_diagonal, vaults_room_pools,
          layout_vaults_omnicross, serial_shops, shop, shop,
          nicolae_shop_bloodbath_and_beyond, shop,
          nicolae_shop_overgrown_old_shop
Vaults:2: hangedman_vaults_trim, nicolae_vaults_little_ls,
          nicolae_vaults_ring_of_whatevers, ontoclasm_vaults_ring_small,
          nicolae_vaults_little_squares_4, vaults_room_ringed_pool, v_rooms_1,
          minmay_crypt_entry_skeletal_spiral, hangedman_vaults_stagger,
          nicolae_vaults_arrows, vaults_room_pool, nicolae_vaults_holding_cells,
          nicolae_vaults_circle_grid_b, serial_ice_b, vaults_dpeg_ring,
          vaults_room_stairs_pillars, v_alt_pattern_5,
          nicolae_vaults_little_squares_5, layout_vaults_omnibox
Vaults:3: v_alt_pattern_6, nicolae_vaults_windows_and_doors_thing,
          nicolae_vaults_murderbox, v_misc_12, vaults_room_door_ring,
          dpeg_vaults_monster_row, v_misc_25, nicolae_vaults_yaktaur_gun_rack,
          ontoclasm_vaults_gateway, nicolae_vaults_little_squares_5,
          vaults_mumra_hex, layout_vaults_quadrants, uniq_mara
Vaults:4: v_misc_31, ontoclasm_vaults_twist, hangedman_vaults_stitches,
          v_rooms_6, grunt_vaults_trifunnel, sword_in_stone,
          nicolae_vaults_twisting_passages, nicolae_vaults_network_barrier,
          v_alt_pattern_3, vaults_mumra_lcd, nicolae_vaults_little_squares_6,
          nicolae_vaults_little_squares_4, layout_vaults_maze, serial_shops,
          shop
Vaults:5
Depths:1: layout_roguey, hell_entry, dk_noncrumbling_2, abandoned_shop,
          minmay_fountain_box, item_on_display_a, kennysheep_random_hallway
Depths:2: radiant_caverns_b_rkd, hell_entry, pan_entry
Depths:3: gammafunk_sealed_library, layout_gridlike, pan_entry,
          serial_bayou_pond_d, lightli_too_deep,
          nicolae_abyss_entry_one_way_or_another, minmay_shop_star, uniq_parghit
Depths:4: grunt_zot_entry_bicorn, layout_cave_shapes, pf_hell_entry_tar_river,
          serial_column_ruins, column_ruins_circle_large,
          column_ruins_circle_large, column_ruins_columns_corner,
          column_ruins_columns_T, column_ruins_grid_1,
          column_ruins_corridor_straight, column_ruins_columns_straight,
          column_ruins_corridor_corner, serial_shops, nicolae_lakefront_shop,
          minmay_shop_grove
Zot:1:    kennysheep_blocky_hall, layout_twisted_circle, uniq_tiamat
Zot:2:    layout_basic
Zot:3:    layout_gridlike, grunt_megastairs_3
Zot:4:    layout_basic, uniq_josephina, uniq_grunn
Zot:5:    layout_gridlike, hangedman_zot_diagonal_lockstep,
          nicolae_transmutations_shop, grunt_ministairs_12

Skill      XL: |  1  2  3  4  5  6  7  8  9 10 11 12 13 14 15 16 17 18 19 20 21 22 23 24 |
---------------+-------------------------------------------------------------------------+-----
Spellcasting   | 3 4 5 6 8 10 11 12 13 14 15 16 17 18 19 20 21 22 23 24 | 24.4
Hexes          | 4 5 6 8 9 11 12 13 14 15 16 17 18 19 20 21 22 24 | 24.5
Stealth        | 5 6 9 10 13 14 15 16 17 18 20 21 23 24 25 26 27 | 27.0
Dodging        | 5 7 9 11 12 14 15 16 17 18 19 21 22 23 24 | 24.4
Fighting       | 2 4 5 6 8 9 10 11 12 13 14 15 16 | 16.4
Short Blades   | 3 5 7 8 10 11 12 | 12.0
Invocations    | 6 9 |  9.5

Action                   |  1- 3 |  4- 6 |  7- 9 | 10-12 | 13-15 | 16-18 | 19-21 | 22-24 || total
-------------------------+-------+-------+-------+-------+-------+-------+-------+-------++-------
Melee: Dagger            |   174 |   138 |   183 |   367 |  1113 |  1089 |  1181 |       ||  4245
       Punch             |     1 |     1 |     2 |     5 |    18 |    29 |     7 |       ||    63
       Quick blade       |       |       |       |       |       |       |   112 |   930 ||  1042
 Cast: Ensorcelled Hiber |    12 |    27 |    44 |    99 |   115 |   150 |   167 |    99 ||   713
       Tukima's Dance    |     3 |       |     1 |    19 |    58 |     9 |    41 |     8 ||   139
       Confusing Touch   |     1 |     1 |     8 |    17 |    21 |    45 |    60 |    53 ||   206
       Dazzling Flash    |       |       |       |     4 |    60 |    47 |    52 |    10 ||   173
       Enfeeble          |       |       |       |       |       |     9 |     6 |     2 ||    17
       Stone Arrow       |       |       |       |       |       |     8 |   118 |    15 ||   141
       Discord           |       |       |       |       |       |       |       |    16 ||    16
       Apportation       |       |       |       |       |       |       |       |     1 ||     1
Invok: Shadow Step       |       |       |       |       |     1 |     6 |     7 |    10 ||    24
       Shadow Form       |       |       |       |       |       |       |       |     2 ||     2
Evoke: Wand              |       |       |       |     5 |    11 |     7 |    13 |    11 ||    47
       Phial of floods   |       |       |       |       |       |     1 |     1 |     1 ||     3
       Condenser vane    |       |       |       |       |       |       |     2 |     1 ||     3
  Use: Scroll            |     5 |     7 |    10 |    11 |     7 |     9 |    17 |    20 ||    86
       Potion            |       |     1 |     1 |     3 |     6 |    13 |    14 |    16 ||    54
 Stab: Sleeping          |    17 |    34 |    42 |    70 |   148 |   237 |   258 |   168 ||   974
       Distracted        |     1 |       |     1 |     7 |     8 |     6 |    14 |    21 ||    58
       Confused          |     1 |       |     8 |    15 |    21 |    49 |    61 |    72 ||   227
       Invisible         |       |       |       |     7 |    64 |    53 |    52 |    10 ||   186
       Held in net/web   |       |       |       |       |       |     2 |       |       ||     2
Armor: Robe              |    22 |    21 |    21 |    37 |    42 |    81 |    42 |    19 ||   285
Dodge: Dodged            |   132 |    87 |   107 |   295 |  1011 |  1210 |  1133 |   690 ||  4665

Table legend: (Time is in decaauts)
 A = Elapsed time spent in this place.
 B = Non-inter-level travel time spent in this place.
 C = Inter-level travel time spent in this place.
 D = Time resting spent in this place.
 E = Time spent auto-exploring this place.
 F = Levels seen in this place.
 G = Mean time per level.
                   A        B        C        D        E       F      G
               +--------+--------+--------+--------+--------+-----+--------+
         Total |  43435 |  39218 |   4217 |   5452 |  21547 |  55 |  789.7 |
       Dungeon |  13227 |  11614 |   1613 |    817 |   7609 |  15 |  881.8 |
        Temple |      7 |      7 |      0 |      0 |      0 |   1 |    7.0 |
          Lair |   3614 |   3120 |    494 |     25 |   2119 |   5 |  722.8 |
         Swamp |   2096 |   1958 |    138 |     58 |   1299 |   4 |  524.0 |
   Spider Nest |   3621 |   3323 |    298 |    364 |   1923 |   4 |  905.2 |
    Slime Pits |    284 |    284 |      0 |     46 |      0 |   5 |   56.8 |
  Orcish Mines |   2075 |   1835 |    240 |    392 |    965 |   2 | 1037.5 |
   Elven Halls |   4651 |   4378 |    273 |   1272 |   1739 |   3 | 1550.3 |
        Vaults |   8054 |   7425 |    629 |   1270 |   3833 |   5 | 1610.8 |
        Depths |   5160 |   4643 |    517 |   1123 |   1976 |   4 | 1290.0 |
           Zot |    489 |    477 |     12 |     73 |     58 |   5 |   97.8 |
      Ice Cave |     94 |     94 |      0 |      8 |     22 |   1 |   94.0 |
       Volcano |     57 |     57 |      0 |      0 |      0 |   1 |   57.0 |
               +--------+--------+--------+--------+--------+-----+--------+

Top non-repeatable levels by time:
Depths:2: 2219 daAuts
   Elf:3: 1960 daAuts
Vaults:2: 1870 daAuts
   Elf:1: 1790 daAuts
Vaults:3: 1773 daAuts
   Orc:2: 1718 daAuts
Vaults:1: 1548 daAuts
Spider:4: 1509 daAuts
Vaults:4: 1502 daAuts
     D:6: 1374 daAuts
Vaults:5: 1359 daAuts
    D:12: 1279 daAuts
    D:15: 1256 daAuts
Depths:3: 1209 daAuts
    D:13: 1158 daAuts
